 Dungeon Crawl Stone Soup version 0.29-a0-317-gd16b76e6b1 (webtiles) character file.

Game seed: 6703932520940087518

86 azzeron2000 the Vexing (level 4, -1/24 HPs)
             Began as a Vampire Enchanter on Mar 31, 2022.
             Killed by divine providence
             ... invoked by an orc priest
              (12 damage)
             ... on level 3 of the Dungeon.
             The game lasted 00:09:53 (2217 turns).

azzeron2000 the Vexing (Vampire Enchanter)          Turns: 2217, Time: 00:09:54

Health: -1/24      AC:  7    Str:  7    XL:     4   Next: 27%
Magic:  8/8        EV: 10    Int: 19    God:
Gold:   178        SH:  0    Dex: 14    Spells: 3/8 levels left

rFire   x . .      SeeInvis +   a - +2 dagger
rCold   + + +      Faith    .   (no shield)
rNeg    + + +      Spirit   .   g - +2 ring mail {Will+}
rPois   ∞          Reflect  .   (no helmet)
rElec   .          Harm     .   (no cloak)
rCorr   .          Rampage  .   (no gloves)
Will    +....                   (no boots)
Stlth   ++++......              (no amulet)
HPRegen 0.00/turn               o - ring of ice
MPRegen 0.11/turn               p - ring of protection from cold

@: bloodless, inhibited regen
A: bloodless, fangs 3, see invisible, vampiric 2
a: Bat Form, Revivify


You were on level 3 of the Dungeon.
You visited 1 branch of the dungeon, and saw 3 of its levels.

You collected 178 gold pieces.

Inventory:

Hand Weapons
 a - a +2 dagger (weapon)
Armour
 f - a +0 leather armour
 g - a +2 ring mail of willpower (worn)
Jewellery
 o - a ring of ice (left hand)
 p - a ring of protection from cold (right hand)
Scrolls
 b - a scroll of teleportation
 d - a scroll of identify
 h - a scroll of torment {unknown}
 i - a scroll of fear
 j - a scroll of enchant weapon
 k - a scroll of acquirement {unknown}
 n - a scroll of vulnerability {unknown}
Potions
 c - a potion of invisibility
 e - a potion of curing
 l - a potion of flight {unknown}
 m - a potion of heal wounds {unknown}


   Skills:
 + Level 2.1 Short Blades
 + Level 0.0 Armour
 + Level 2.7 Dodging
 + Level 4.9 Stealth
 * Level 2.7 Spellcasting
 * Level 5.4 Hexes


You had 3 spell levels left.
You knew the following spells:

 Your Spells              Type           Power      Damage    Failure   Level
a - Ensorcelled Hibernat  Hex/Ice        38%        N/A       26%         2
b - Confusing Touch       Hex            23%        N/A       17%         3

Your spell library contained the following spells:

 Spells                   Type           Power      Damage    Failure   Level
 Tukima's Dance           Hex            23%        N/A       17%         3
 Dazzling Flash           Conj/Hex       26%        N/A       47%         3


Dungeon Overview and Level Annotations

Branches:
Dungeon (3/15)

Altars:


Innate Abilities, Weirdness & Mutations

You do not regenerate when monsters are visible.
You are frail without blood (-20% HP).
You can heal yourself when you bite living creatures.
You are immune to poison.
You have razor-sharp teeth.
You have supernaturally acute eyesight. (SInv)
You are afflicted with vampirism and can become a bat while bloodless.


Message History

You kill the giant cockroach!
You see here a giant cockroach corpse.
An orc comes into view. It is wielding a +0 hand axe.
The orc shouts!
Found 10 gold pieces and a glowing pearl ring.
The orc closely misses you.
You hit the orc.
The orc is heavily wounded.
The orc hits you with a +0 hand axe.
You hit the orc.
The orc is heavily wounded.
The orc barely misses you.
You hit the orc.
You kill the orc!
No target in view!
You now have 166 gold pieces (gained 10).
p - a ring of protection from cold Nothing quivered!
Unknown command.
p - a ring of protection from cold (right hand)
You now have 178 gold pieces (gained 12).
A frilled lizard comes into view.
Found 3 scrolls labelled YTEFUI WELEER.
The frilled lizard hisses angrily.
You hear a shout!
A bat comes into view.
An orc comes into view. It is wielding a +0 hand axe.
The bat moves out of view.
An orc priest comes into view. It is wielding a +0 short sword.
The orc priest shouts!
You hit the frilled lizard.
You kill the frilled lizard!
An orc comes into view. It is wielding a +0 whip.
You see here a frilled lizard corpse.
The orc priest mumbles some strange prayers to Beogh against you.
Beogh smites you!
Ouch! That really hurt!
The orc priest mumbles some strange prayers to Beogh against you.
Beogh smites you!
Ouch! That really hurt!
You die...

........................###
##.###.........######.###
.....#..........#####.#
.....#................##
.......................#########
.>.÷.#............####...##...)#
.....#.#..............##.......#
##†###......####....#..###.....#
......).##### #@...##...#.....#
######### #....####.....).# #
#....# ####....# # ###o## #....#
# #..# #....# # ##.# #....#
###################o# #....#
.............oo.....# ######
.#..#..#..#..#..#..)#


You could see an orc priest and an orc.

Vanquished Creatures
  2 adders (D:2)
  2 worms (D:2)
  An orc (D:3)
  9 bats
  6 endoplasms
  2 giant cockroaches
  8 goblins
  3 hobgoblins
  3 jackals (D:1)
  4 kobolds
  2 quokkas
  6 ball pythons
  5 frilled lizards
  4 rats
57 creatures vanquished.

Notes
Turn   | Place    | Note
-------+----------+-------------------------------------------
     0 | D:1      | azzeron2000 the Vampire Enchanter began the quest for the
                  | Orb.
     0 | D:1      | Reached XP level 1. HP: 13/13 MP: 3/3
   205 | D:1      | Reached XP level 2. HP: 15/15 MP: 5/5
   818 | D:1      | Learned a level 2 spell: Ensorcelled Hibernation
   925 | D:1      | Reached skill level 5 in Hexes
   925 | D:1      | Gained mutation: You are afflicted with vampirism and can
                  | become a bat while bloodless. [Vampire growth]
   925 | D:1      | Reached XP level 3. HP: 19/19 MP: 6/6
  1593 | D:2      | Reached XP level 4. HP: 24/24 MP: 4/7
  1949 | D:3      | Learned a level 3 spell: Confusing Touch
  2217 | D:3      | Killed from afar by an orc priest

Illustrated notes

Levels and vault maps discovered:
D:1:      tarquinn_simple_flora_water_c, layout_basic,
          minmay_misc_feat_nine_boxes, chequers_decorated_corner
D:2:      layout_basic
D:3:      layout_rooms, st_stairs_3, columned_hall_lemuel

Skill      XL: |  1  2  3 |
---------------+----------+-----
Hexes          | 5 |  5.4
Short Blades   | 2 |  2.1
Dodging        | |  2.7
Stealth        | |  4.9
Spellcasting   | |  2.7

Action                   |  1- 3 |  4- 6 || total
-------------------------+-------+-------++-------
Melee: Dagger            |   124 |    35 ||   159
       Bite              |     4 |     1 ||     5
       Punch             |     4 |     1 ||     5
 Cast: Ensorcelled Hiber |     1 |       ||     1
 Abil: Exsanguinate      |     1 |       ||     1
  Use: Scroll            |     1 |     3 ||     4
       Potion            |     1 |       ||     1
 Stab: Sleeping          |    18 |     5 ||    23
       Invisible         |     2 |       ||     2
Armor: Leather armour    |     3 |       ||     3
       Ring mail         |    44 |    22 ||    66
Dodge: Dodged            |    63 |    22 ||    85

Table legend: (Time is in decaauts)
 A = Elapsed time spent in this place.
 B = Non-inter-level travel time spent in this place.
 C = Inter-level travel time spent in this place.
 D = Time resting spent in this place.
 E = Time spent auto-exploring this place.
 F = Levels seen in this place.
 G = Mean time per level.
                   A        B        C        D        E       F      G
               +--------+--------+--------+--------+--------+-----+--------+
         Total |   2202 |   2116 |     86 |    245 |   1268 |   3 |  734.0 |
       Dungeon |   2202 |   2116 |     86 |    245 |   1268 |   3 |  734.0 |
               +--------+--------+--------+--------+--------+-----+--------+

Top non-repeatable levels by time:
     D:1: 1134 daAuts
     D:2: 633 daAuts
     D:3: 434 daAuts
